 Dungeon Crawl Stone Soup version 0.24-a0-441-g27f0392e16 (console) character file.

Game seed: 7564066224113592359

59 Voker57 the Skirmisher (level 3, -1/30 HPs)
             Began as a Demonspawn Monk on June 19, 2019.
             Slain by a worm (7 damage)
             ... on level 2 of the Dungeon.
             The game lasted 00:02:18 (2552 turns).

Voker57 the Skirmisher (Demonspawn Monk)            Turns: 2552, Time: 00:02:19

Health: -1/30      AC:  4    Str: 11    XL:     3   Next: 78%
Magic:  3/3        EV: 13    Int: 11    God:
Gold:   79         SH:  0    Dex: 16    Spells: 2/2 levels left

rFire    . . .     SeeInvis .   a - +0 mace
rCold    . . .     Gourm    .   (no shield)
rNeg     . . .     Faith    .   g - +0 leather armour
rPois    .         Spirit   .   (no helmet)
rElec    .         Reflect  .   (no cloak)
rCorr    .         Harm     .   i - +0 pair of gloves
MR       .....                  (no boots)
Stlth    ++........             (no amulet)
HPRegen  0.10/turn              (no ring)
MPRegen  0.08/turn              (no ring)

@: no status effects
A: powered by pain 1, rot immunity
a: no special abilities


You were on level 2 of the Dungeon.
You were very hungry.

You visited 1 branch of the dungeon, and saw 2 of its levels.

You collected 79 gold pieces.

Inventory:

Hand Weapons
 a - a +0 mace (weapon)
Missiles
 f - 8 boomerangs (quivered)
Armour
 b - a +0 robe
 g - a +0 leather armour (worn)
 i - a +0 pair of gloves (worn)
Jewellery
 e - an uncursed ring of ice {unknown}
Scrolls
 d - a scroll of blinking {unknown}
 h - 2 scrolls of amnesia {unknown}
 j - a scroll of noise {unknown}
 k - a scroll of identify {unknown}
 m - a scroll of fear {unknown}
 n - a scroll of magic mapping {unknown}
Comestibles
 c - 3 rations


   Skills:
 + Level 4.0 Fighting
 - Level 2.6 Maces & Flails
 + Level 3.5 Dodging
 - Level 1.7 Stealth


You had 2 spell levels left.
You didn't know any spells.
Your spell library was empty.

Dungeon Overview and Level Annotations

Branches:
Dungeon (2/15)

Altars:


Innate Abilities, Weirdness & Mutations

You sometimes gain a little power by taking damage.
You are immune to rotting.


Message History

You throw a boomerang. The boomerang hits the worm.
The worm is severely wounded.
Throwing (i - inventory)
f - 8 boomerangs (quivered)
Press: ? - help, Shift-Dir - straight line, f/p - worm
Aim: a worm (heavily wounded)
You throw a boomerang. The boomerang hits the worm.
The worm is severely wounded.
Throwing (i - inventory)
f - 8 boomerangs (quivered)
Press: ? - help, Shift-Dir - straight line, f/p - worm
Aim: a worm (heavily wounded)
You throw a boomerang. The boomerang hits the worm.
The worm is severely wounded.
You completely miss the worm.
The worm is severely wounded.
The worm bites you!
* * * LOW HITPOINT WARNING * * *
You hit the worm.
The worm is almost dead.
The worm bites you!
You die...

..# #.# #.^.....w... ..### #.#
#..######### ....# #.# #..#
###### #.#.# #.# ##..# #..>..
#.#.# #.# #...####..... #####.#.#
#)# #............ ......#.##
######(# #............
.........###.....(# #...####.....
####.....#......#####...####..(..
##....#.#.#..@w...............
#....#.#.#..##.....######.#.#
####........#..##.##### #.#.#
##........#..#..##.# #...#
#...............##.# ###.#
...###...#.#.##.##.# #.# #..#
#...#.#.#...#.# ...
#..###.........#...# .
#................###
...###.#......#.##


You could see a worm.

Vanquished Creatures
  An adder (D:1)
  An ooze (D:2)
  A worm (D:2)
  2 dart slugs
  A leopard gecko (D:2)
  A giant cockroach (D:1)
  3 hobgoblins (D:2)
  3 jackals (D:2)
  6 kobolds
  3 bats (D:1)
  2 frilled lizards (D:2)
  8 goblins
  6 rats
38 creatures vanquished.

Notes
Turn   | Place    | Note
-------+----------+-------------------------------------------
     0 | D:1      | Voker57 the Demonspawn Monk began the quest for the Orb.
     0 | D:1      | Reached XP level 1. HP: 18/18 MP: 1/1
   696 | D:1      | Gained mutation: You are immune to rotting. [demonic
                  | ancestry]
   696 | D:1      | Reached XP level 2. HP: 16/24 MP: 2/2
  1234 | D:1      | HP: 1/24 [poisoned by an adder]
  1554 | D:2      | Gained mutation: You sometimes gain a little power by
                  | taking damage. [demonic ancestry]
  1554 | D:2      | Reached XP level 3. HP: 28/29 MP: 3/3
  2476 | D:2      | Reached skill level 4 in Fighting
  2552 | D:2      | Slain by a worm

Levels and vault maps discovered:
D:1:      minmay_arrival_solitary_statue, layout_basic, nrook_campfire
D:2:      layout_loops_ring, dk_noncrumbling_4

Skill      XL: |  1  2  3 |
---------------+----------+-----
Dodging        | 3 |  3.5
Fighting       | 4 |  4.0
Maces & Flails | |  2.6
Stealth        | |  1.7

Action                   || total
-------------------------++-------
Melee: Mace              ||   157
Throw: Boomerang         ||    12
 Stab: Sleeping          ||     2
  Eat: Chunk             ||     4
Armor: Robe              ||     9
       Leather armour    ||    32
Dodge: Dodged            ||   110

Table legend:
 A = Non-vault XP
 B = Vault XP
 C = Vault XP percentage of total XP
 D = Non-vault monster count
 E = Vault monster count
 F = Vault count percentage of total count
                 A         B        C        D         E       F
            +---------+---------+-------+---------+---------+-------
      Total |      85 |       0 |   0.0 |      38 |       0 |   0.0
            +---------+---------+-------+---------+---------+-------
        D:1 |      38 |       0 |   0.0 |      17 |       0 |   0.0
        D:2 |      47 |       0 |   0.0 |      21 |       0 |   0.0
            +---------+---------+-------+---------+---------+-------
